AoeStats
← nielsjehaes23

Arena

510382829Analyzed
1v1 RM · 2d ago on Sep 30, 2026· 64m 4s· 2 players
Game mode
Random Map
Map size
Tiny (2 player)
Population
200
Speed
Normal
Resources
Standard
Victory
Conquest
Starting age
Dark Age
Ending age
Imperial Age
RankedLock teamsTeams togetherTeam positionsShared explorationLock speedFull tech treeHidden civsTurbo modeCheats
Victory
Defeat
🇧🇷 Mongols · Brazil
920
+17
🇧🇪 Romans · Belgium
933
-17
Lula Livre
5:46 Loom
9:18 Feudal Age
10:05 Double-Bit Axe
15:53 Castle Age
14:08 Horse Collar
17:03 Bow Saw
18:22 Stone Mining
22:23 Heavy Plow
25:14 Fletching
25:24 Padded Archer Armor
26:03 Gold Mining
27:09 Wheelbarrow
30:36 Imperial Age
29:10 Hand Cart
29:16 Leather Archer Armor
31:36 Gold Shaft Mining
31:38 Stone Shaft Mining
32:14 Conscription
32:10 Forging
32:03 Elite Skirmisher
33:10 Ballistics
32:53 Bodkin Arrow
33:30 Pikeman
34:13 Bracer
35:50 Squires
36:30 Iron Casting
35:56 Scale Mail Armor
36:05 Scale Barding Armor
38:01 Elite Steppe Lancer
39:49 Blast Furnace
39:09 Chain Barding Armor
41:48 Bloodlines
42:13 Heavy Camel Rider
42:57 Husbandry
42:20 Light Cavalry
44:42 Chain Mail Armor
45:29 Chemistry
46:45 Hussar
48:53 Plate Mail Armor
57:08 Fortified Wall
58:36 Drill
nielsjehaes23
9:45 Feudal Age
10:44 Double-Bit Axe
13:50 Forging
13:42 Scale Mail Armor
13:47 Scale Barding Armor
13:59 Scale Barding Armor
15:57 Castle Age
13:44 Loom
15:02 Gold Mining
15:26 Stone Mining
16:15 Wheelbarrow
15:59 Horse Collar
17:49 Bow Saw
18:18 Forging
23:56 Hand Cart
28:02 Chain Barding Armor
29:06 Gold Shaft Mining
28:54 Husbandry
29:24 Bloodlines
29:40 Ballistics
29:32 Masonry
30:23 Iron Casting
30:46 Ballistas
34:51 Imperial Age
37:28 Elite Centurion
39:39 Chemistry
40:57 Squires
40:17 Pikeman
42:25 Conscription
41:34 Halberdier
41:52 Light Cavalry
43:38 Blast Furnace
43:30 Plate Barding Armor
42:56 Scale Mail Armor
42:23 Heavy Scorpion
46:34 Chain Mail Armor
54:35 Capped Ram
55:51 Siege Ram
Connection lost

Rejoining the realm…

Still unreachable

The connection could not be restored.

Session expired

The server has moved on; the page needs a fresh start.